BLB
LOS ANGELES DINOS @ INDIANAPOLIS CLOWNS
06/09/2060
 
TOP OF THE 1ST
Los Angeles Dinos batting - Pitching for Indianapolis Clowns : LHP Rahjon Anderson
Pitching: LHP Rahjon Anderson
Batting: RHB Cody Turner 0-0: Called Strike
0-1: Ball
1-1: Swinging Strike
1-2: Ball
2-2: SINGLE (Groundball, 5D, EV 103.8 MPH)
Batting: RHB Rob Detling 0-0: Called Strike
0-1: Ball
1-1: Swinging Strike
1-2: Strikes out swinging
Batting: RHB Vince Cox 0-0: Called Strike
0-1: Foul Ball, location: 2F
0-2: Foul Ball, location: 2F
0-2: SINGLE (Groundball, 6M, EV 103.1 MPH)
Cody Turner to second
Cody Turner to third
Batting: RHB Karson Gibson 0-0: Grounds into double play, 4-6-3 (Groundball, 4MD, EV 80.6 MPH)
Top of the 1st over - 0 runs, 2 hits, 0 errors, 1 left on base; Los Angeles 0 - Indianapolis 0
BOTTOM OF THE 1ST
Indianapolis Clowns batting - Pitching for Los Angeles Dinos : LHP Blake Dexter
Pitching: LHP Blake Dexter
Batting: RHB Gage Hay 0-0: Called Strike
0-1: Ground out 6-3 (Groundball, 6, EV 93.8 MPH)
Batting: RHB Tom Holderness 0-0: Swinging Strike
0-1: Ball
1-1: DOUBLE (Line Drive, 9LS, EV 108.1 MPH)
Batting: RHB Lee Vincent 0-0: Called Strike
0-1: Ball
1-1: Ball
2-1: Ball
3-1: Foul Ball, location: 2F
3-2: Ground out 6-3 (Groundball, 56D, EV 88.8 MPH)
Batting: RHB Kristian LeDoux 0-0: Ball
1-0: Called Strike
1-1: Foul Ball, location: 2F
1-2: Fly out, F7 (Flyball, 7, EV 95.6 MPH)
Bottom of the 1st over - 0 runs, 1 hit, 0 errors, 1 left on base; Los Angeles 0 - Indianapolis 0
TOP OF THE 2ND
Los Angeles Dinos batting - Pitching for Indianapolis Clowns : LHP Rahjon Anderson
Batting: RHB Orrin Perkins 0-0: Called Strike
0-1: Foul Ball, location: 2F
0-2: Strikes out swinging
Batting: RHB Derick Murphy 0-0: Ball
1-0: Ball
2-0: Swinging Strike
2-1: Ground out 5-3 (Groundball, 56, EV 89.4 MPH)
Batting: LHB Shawn Hickey 0-0: Called Strike
0-1: Ball
1-1: Swinging Strike
1-2: Strikes out swinging
Top of the 2nd over - 0 runs, 0 hits, 0 errors, 0 left on base; Los Angeles 0 - Indianapolis 0
BOTTOM OF THE 2ND
Indianapolis Clowns batting - Pitching for Los Angeles Dinos : LHP Blake Dexter
Batting: RHB Bryant Francis 0-0: Called Strike
0-1: Foul Ball, location: 2F
0-2: Fly out, F8 (Flyball, 8RD, EV 88.8 MPH)
Batting: RHB Isaac Rowe 0-0: Swinging Strike
0-1: Ball
1-1: Ball
2-1: Swinging Strike
2-2: Foul Ball, location: 2F
2-2: Ground out 5-3 (Groundball, 56S, EV 69.4 MPH)
Batting: RHB Blaise McFarland 0-0: Ball
1-0: Swinging Strike
1-1: Called Strike
1-2: Foul Ball, location: 2F
1-2: Ball
2-2: Foul Ball, location: 2F
2-2: Ball
3-2: Strikes out swinging
Bottom of the 2nd over - 0 runs, 0 hits, 0 errors, 0 left on base; Los Angeles 0 - Indianapolis 0
TOP OF THE 3RD
Los Angeles Dinos batting - Pitching for Indianapolis Clowns : LHP Rahjon Anderson
Batting: LHB Johnathan Baird 0-0: Called Strike
0-1: Foul Ball, location: 2F
0-2: Fly out, F4 (Line Drive, 4M, EV 76.9 MPH)
Batting: RHB Cody Mancini 0-0: Ball
1-0: Ball
2-0: Fly out, F9 (Flyball, 9D, EV 100.0 MPH)
Batting: RHB Cody Turner 0-0: Fly out, F8 (Line Drive, 8RD, EV 100.0 MPH)
Top of the 3rd over - 0 runs, 0 hits, 0 errors, 0 left on base; Los Angeles 0 - Indianapolis 0
BOTTOM OF THE 3RD
Indianapolis Clowns batting - Pitching for Los Angeles Dinos : LHP Blake Dexter
Batting: LHB Sean Hayward 0-0: Foul Ball, location: 2F
0-1: Foul Ball, location: 2F
0-2: Foul Ball, location: 2F
0-2: Ball
1-2: DOUBLE (Groundball, 5L, EV 96.2 MPH)
Batting: RHB Luke Heap 0-0: Ball
1-0: Foul Ball, location: 2F
1-1: Called Strike
1-2: Strikes out swinging
Batting: RHB Gage Hay 0-0: Ball
1-0: Ball
2-0: Foul Ball, location: 2F
2-1: Foul Ball, location: 2F
2-2: Fly out, F8 (Line Drive, 8LD, EV 105.0 MPH)
Batting: RHB Tom Holderness 0-0: Foul Ball, location: 2F
0-1: Called Strike
0-2: Strikes out swinging
Bottom of the 3rd over - 0 runs, 1 hit, 0 errors, 1 left on base; Los Angeles 0 - Indianapolis 0
TOP OF THE 4TH
Los Angeles Dinos batting - Pitching for Indianapolis Clowns : LHP Rahjon Anderson
Batting: RHB Rob Detling 0-0: Ball
1-0: Foul Ball, location: 2F
1-1: Ball
2-1: Ball
3-1: Base on Balls
Batting: RHB Vince Cox 0-0: Fly out, F7 (Flyball, 7D, EV 108.1 MPH)
Batting: RHB Karson Gibson 0-0: Fielders Choice at 2nd, 6-4 (Groundball, 6, EV 90.0 MPH)
Batting: RHB Orrin Perkins 0-0: Swinging Strike
0-1: Ball
1-1: Ball
2-1: Foul Ball, location: 2F
2-2: Foul Ball, location: 2F
2-2: Strikes out swinging
Top of the 4th over - 0 runs, 0 hits, 0 errors, 1 left on base; Los Angeles 0 - Indianapolis 0
BOTTOM OF THE 4TH
Indianapolis Clowns batting - Pitching for Los Angeles Dinos : LHP Blake Dexter
Batting: RHB Lee Vincent 0-0: Swinging Strike
0-1: Foul Ball, location: 2F
0-2: Ball
1-2: Ground out 3-1 (Groundball, 13, EV 78.1 MPH)
Batting: RHB Kristian LeDoux 0-0: Ball
1-0: Ball
2-0: Ground out 4-3 (Groundball, 4, EV 86.9 MPH)
Batting: RHB Bryant Francis 0-0: Ball
1-0: Foul Ball, location: 2F
1-1: Foul Ball, location: 2F
1-2: Ball
2-2: DOUBLE (Groundball, 5L, EV 101.9 MPH)
Batting: RHB Isaac Rowe 0-0: Ground out 4-3 (Groundball, 4MS, EV 71.9 MPH)
Bottom of the 4th over - 0 runs, 1 hit, 0 errors, 1 left on base; Los Angeles 0 - Indianapolis 0
TOP OF THE 5TH
Los Angeles Dinos batting - Pitching for Indianapolis Clowns : LHP Rahjon Anderson
Batting: RHB Derick Murphy 0-0: Ball
1-0: Swinging Strike
1-1: Called Strike
1-2: Strikes out swinging
Batting: LHB Shawn Hickey 0-0: Swinging Strike
0-1: Ground out 6-3 (Groundball, 6, EV 101.2 MPH)
Batting: LHB Johnathan Baird 0-0: Called Strike
0-1: SINGLE (Groundball, 34D, EV 101.2 MPH)
Batting: RHB Cody Mancini 0-0: Ball
Johnathan Baird steals 2nd, throwing error, E2
Johnathan Baird to third
1-0: SINGLE (Flyball, 8RS, EV 91.2 MPH) - OUT at second base trying to stretch hit.
Johnathan Baird scores
Top of the 5th over - 1 run, 2 hits, 1 error, 0 left on base; Los Angeles 1 - Indianapolis 0
BOTTOM OF THE 5TH
Indianapolis Clowns batting - Pitching for Los Angeles Dinos : LHP Blake Dexter
Batting: RHB Blaise McFarland 0-0: Ground out 4-3 (Groundball, 6M, EV 81.9 MPH)
Batting: LHB Sean Hayward 0-0: Ground out 4-3 (Groundball, 34, EV 105.0 MPH)
Batting: RHB Luke Heap 0-0: Ball
1-0: Ball
2-0: Called Strike
2-1: Ball
3-1: Called Strike
3-2: SINGLE (Line Drive, 7S, EV 106.9 MPH)
Batting: RHB Gage Hay 0-0: Ball
1-0: Called Strike
1-1: Ground out U3 (Groundball, 3, EV 81.9 MPH)
Bottom of the 5th over - 0 runs, 1 hit, 0 errors, 1 left on base; Los Angeles 1 - Indianapolis 0
TOP OF THE 6TH
Los Angeles Dinos batting - Pitching for Indianapolis Clowns : LHP Rahjon Anderson
Batting: RHB Cody Turner 0-0: Foul Ball, location: 2F
0-1: Ball
1-1: Foul Ball, location: 2F
1-2: SINGLE (Flyball, 9LM, EV 81.2 MPH)
Batting: RHB Rob Detling 0-0: Called Strike
0-1: Ball
1-1: Ball
2-1: Foul Ball, location: 2F
2-2: Strikes out looking
Batting: RHB Vince Cox 0-0: Ball
Cody Turner steals 2nd base
1-0: Ball
2-0: Ball
3-0: Called Strike
3-1: DOUBLE (Line Drive, 7LM, EV 105.0 MPH)
Cody Turner scores
Batting: RHB Karson Gibson 0-0: Ball
1-0: Swinging Strike
1-1: Ball
Wild Pitch!
Vince Cox to third
2-1: Fly out, F8 (Flyball, 78D, EV 100.0 MPH)
Runner from 3rd tags up, SCORES, no throw by CF
Batting: RHB Orrin Perkins 0-0: Fly out, F8 (Line Drive, 8LM, EV 111.9 MPH)
Top of the 6th over - 2 runs, 2 hits, 0 errors, 0 left on base; Los Angeles 3 - Indianapolis 0
BOTTOM OF THE 6TH
Indianapolis Clowns batting - Pitching for Los Angeles Dinos : LHP Blake Dexter
Batting: RHB Tom Holderness 0-0: Called Strike
0-1: Ball
1-1: Ground out 6-3 (Groundball, 56, EV 82.5 MPH)
Batting: RHB Lee Vincent 0-0: Foul Ball, location: 2F
0-1: Ground out 5-3 (Groundball, 56, EV 85.0 MPH)
Batting: RHB Kristian LeDoux 0-0: Swinging Strike
0-1: Ball
1-1: Reached on error, E9 (Flyball, 9LM, EV 91.9 MPH)
Batting: RHB Bryant Francis 0-0: Ball
1-0: Ball
2-0: Called Strike
2-1: Foul Ball, location: 2F
2-2: Strikes out swinging
Bottom of the 6th over - 0 runs, 0 hits, 1 error, 1 left on base; Los Angeles 3 - Indianapolis 0
TOP OF THE 7TH
Los Angeles Dinos batting - Pitching for Indianapolis Clowns : LHP Rahjon Anderson
Batting: RHB Derick Murphy 0-0: Ball
1-0: Swinging Strike
1-1: Swinging Strike
1-2: Strikes out looking
Batting: LHB Shawn Hickey 0-0: Ball
1-0: Called Strike
1-1: Ball
2-1: Foul Ball, location: 2F
2-2: Ball
3-2: Foul Ball, location: 2F
3-2: Base on Balls
Pitching: RHP Kristofer Humberto
Batting: LHB Johnathan Baird 0-0: Ball
1-0: Called Strike
1-1: Ball
Wild Pitch!
Shawn Hickey to second
2-1: Foul Ball, location: 2F
2-2: Ball
3-2: SINGLE (Line Drive, 8LS, EV 97.5 MPH)
Shawn Hickey to third
Runner from 3rd tries for Home, throw by CF and OUT! 8-2
Batting: RHB Cody Mancini 0-0: Ball
Johnathan Baird steals 2nd, throwing error, E2
Johnathan Baird to third
1-0: Foul Ball, location: 2F
1-1: Swinging Strike
1-2: Ground out 1-3 (Groundball, P, EV 73.1 MPH)
Top of the 7th over - 0 runs, 1 hit, 1 error, 1 left on base; Los Angeles 3 - Indianapolis 0
BOTTOM OF THE 7TH
Indianapolis Clowns batting - Pitching for Los Angeles Dinos : LHP Blake Dexter
Batting: RHB Isaac Rowe 0-0: Called Strike
0-1: SOLO HOME RUN (Flyball, 7D, EV 96.2 MPH), Distance : 371 ft
Batting: RHB Blaise McFarland 0-0: Ball
1-0: Foul Ball, location: 2F
1-1: Ground out 6-3 (Groundball, 6, EV 100.0 MPH)
Batting: LHB Sean Hayward 0-0: Called Strike
0-1: Foul Ball, location: 2F
0-2: Strikes out looking
Batting: RHB Luke Heap 0-0: Ground out 2-3 (Groundball, 2L, EV 65.6 MPH)
Bottom of the 7th over - 1 run, 1 hit, 0 errors, 0 left on base; Los Angeles 3 - Indianapolis 1
TOP OF THE 8TH
Los Angeles Dinos batting - Pitching for Indianapolis Clowns : RHP Kristofer Humberto
Batting: RHB Cody Turner 0-0: Swinging Strike
0-1: Foul Ball, location: 2F
0-2: Fly out, F9 (Flyball, 89S, EV 88.1 MPH)
Batting: RHB Rob Detling 0-0: Ball
1-0: Ball
2-0: Ball
3-0: Called Strike
3-1: Ground out 4-3 (Groundball, 4M, EV 87.5 MPH)
Batting: RHB Vince Cox 0-0: Called Strike
0-1: Ball
1-1: Ball
2-1: Ball
3-1: DOUBLE (Line Drive, 9LM, EV 108.8 MPH)
Pitching: LHP Denver Benson
Batting: RHB Karson Gibson 0-0: Called Strike
Balk!
Vince Cox to third
0-1: Called Strike
0-2: Foul Ball, location: 2F
0-2: Ball
1-2: Foul Ball, location: 2F
1-2: Fly out, F8 (Flyball, 89M, EV 85.0 MPH)
Top of the 8th over - 0 runs, 1 hit, 0 errors, 1 left on base; Los Angeles 3 - Indianapolis 1
BOTTOM OF THE 8TH
Indianapolis Clowns batting - Pitching for Los Angeles Dinos : LHP Blake Dexter
Pitching: RHP Tod Steffen
Batting: RHB Gage Hay 0-0: Ball
1-0: Swinging Strike
1-1: Ball
2-1: Fly out, F8 (Flyball, 8RD, EV 103.1 MPH)
Batting: RHB Tom Holderness 0-0: SINGLE (Groundball, 56, EV 100.0 MPH) (infield hit)
Batting: RHB Lee Vincent 0-0: 2-RUN HOME RUN (Flyball, 9D, EV 96.9 MPH), Distance : 372 ft
Pinch Hitting: LHB Tristen Cooley 0-0: Ground out 5-3 (Groundball, 56, EV 80.6 MPH)
Batting: RHB Bryant Francis 0-0: Ball
1-0: Ball
2-0: SINGLE (Flyball, 8LS, EV 88.8 MPH)
Batting: RHB Isaac Rowe 0-0: Foul Ball, location: 2F
0-1: Foul Ball, location: 2F
0-2: Strikes out swinging
Bottom of the 8th over - 2 runs, 3 hits, 0 errors, 1 left on base; Los Angeles 3 - Indianapolis 3
TOP OF THE 9TH
Los Angeles Dinos batting - Pitching for Indianapolis Clowns : LHP Denver Benson
Now in LF: Elias Owen
Batting: RHB Orrin Perkins 0-0: Called Strike
0-1: Swinging Strike
0-2: Ball
1-2: Ball
2-2: Ground out 5-3 (Groundball, 56S, EV 66.9 MPH)
Batting: RHB Derick Murphy 0-0: Foul Ball, location: 2F
0-1: Fly out, F8 (Line Drive, 8LM, EV 95.6 MPH)
Batting: LHB Shawn Hickey 0-0: Called Strike
0-1: Foul Ball, location: 2F
0-2: Ball
1-2: Hit by Pitch
Batting: LHB Johnathan Baird 0-0: Ball
1-0: Foul Ball, location: 2F
1-1: Ball
2-1: Foul Ball, location: 2F
2-2: Ball
3-2: Hit by Pitch
Shawn Hickey to second
Batting: RHB Cody Mancini 0-0: Ball
1-0: Called Strike
1-1: Ball
2-1: Foul Ball, location: 2F
2-2: Ball
3-2: Foul Ball, location: 2F
3-2: Strikes out swinging
Top of the 9th over - 0 runs, 0 hits, 0 errors, 2 left on base; Los Angeles 3 - Indianapolis 3
BOTTOM OF THE 9TH
Indianapolis Clowns batting - Pitching for Los Angeles Dinos : RHP Tod Steffen
Batting: RHB Blaise McFarland 0-0: Called Strike
0-1: Foul Ball, location: 2F
0-2: Ball
1-2: Ball
2-2: Ball
3-2: Foul Ball, location: 2F
3-2: Foul Ball, location: 2F
3-2: Base on Balls
Batting: LHB Sean Hayward 0-0: Fly out, F8 (Flyball, 8RM, EV 87.5 MPH)
Batting: RHB Luke Heap 0-0: Swinging Strike
0-1: Ball
1-1: Ball
2-1: Swinging Strike
2-2: Strikes out swinging
Batting: RHB Gage Hay 0-0: Called Strike
0-1: DOUBLE (Line Drive, 7LM, EV 102.5 MPH)
Blaise McFarland to third
Batting: RHB Tom Holderness 0-0: Called Strike
0-1: Foul Ball, location: 2F
0-2: Ball
1-2: SINGLE (Line Drive, 7S, EV 90.6 MPH)
Blaise McFarland scores
Bottom of the 9th over - 1 run, 2 hits, 0 errors, 2 left on base; Los Angeles 3 - Indianapolis 4
Tuesday, May 7th , 2024 - OOTP Baseball 23.10 Build 110